 Dungeon Crawl Stone Soup version 0.30-a0-585-g93115170b9 (webtiles) character file.

Game seed: 16209780126095770880

1508 Citaku the Trooper (level 9, -2/106 HPs)
             Began as a Human Fighter on Jan 2, 2023.
             Was an Initiate of Ashenzari.
             Killed from afar by a white imp (6 damage)
             ... with a puff of frost
             ... on level 7 of the Dungeon.
             The game lasted 00:25:31 (6649 turns).

Citaku the Trooper (Human Fighter)                  Turns: 6649, Time: 00:25:31

Health: -2/106     AC: 24    Str: 18      XL:     9   Next: 9%
Magic:  9/9        EV:  2    Int: 13      God:    Ashenzari [......]
Gold:   341        SH:  6    Dex: 19 (21) Spells: 8/8 levels left

rFire   . . .      SeeInvis .    h - +2 dagger (speed)
rCold   . . .      Faith    .    c - +0 buckler
rNeg    . . .      Spirit   .    (body armour currently unavailable)
rPois   +          Reflect  .    (helmet currently unavailable)
rElec   .          Harm     .    (cloak currently unavailable)
rCorr   .          Rampage  .    (gloves currently unavailable)
Will    .....      NoTele   +    (boots currently unavailable)
Stlth   +++                      (no amulet)
HPRegen 0.37/turn                n - +6 ring of dexterity
MPRegen 0.11/turn                p - +5 ring of evasion

@: tree-form
A: stationary, stasis, torment immunity, boosted hp, agile 1, clever 1, (shaggy
fur 1)
a: Renounce Religion, Curse Item


You were on level 7 of the Dungeon.
You worshipped Ashenzari.
Ashenzari was noncommittal.
You were a tree.
You visited 1 branch of the dungeon, and saw 7 of its levels.

You collected 341 gold pieces.

Inventory:

Hand Weapons
 h - a +2 dagger of speed (weapon)
Armour
 c - a +0 buckler (worn)
 g - a +0 plate armour (melded)
Magical Staves
 k - a staff of earth
Jewellery
 b - a ring of see invisible
 n - a +6 ring of dexterity (left branch)
 p - a +5 ring of evasion (right branch)
 r - a ring of flight
Wands
 d - a wand of flame (26)
 m - a wand of paralysis (10)
Potions
 e - a potion of flight
 o - a potion of attraction


   Skills:
 + Level 6.6 Fighting
 + Level 6.1 Short Blades
 + Level 6.2 Armour
 + Level 4.9 Dodging
 + Level 5.2 Stealth
 + Level 6.0 Shields


You had 8 spell levels left.
You didn't know any spells.
Your spell library contained the following spells:

 Spells                   Type           Power      Damage    Failure   Level
 Sandblast                Erth           0%         2d4       36%         1
 Ensorcelled Hibernation  Hex/Ice        0%         N/A       52%         2
 Passwall                 Tmut/Erth      0%         N/A       52%         2
 Stone Arrow              Conj/Erth      0%         3d7       75%         3
 Swiftness                Air            0%         N/A       75%         3
 Vhi's Electric Charge    Tloc/Air       0%         N/A       75%         3
 Arcjolt                  Conj/Air       0%         1d10      100%        5
 Maxwell's Capacitive Co  Air            0%         ∞         100%        8


Dungeon Overview and Level Annotations

Branches:
Dungeon (7/15)             Temple (0/1) D:7

Altars:
Ashenzari
Kikubaaqudgha
Nemelex Xobeh
Uskayaw
Vehumet
Wu Jian
Xom

Annotations:
D:4 Azuvok's ghost, novice MiFi


Innate Abilities, Weirdness & Mutations

You are a tree.
Your roots penetrate the ground, keeping you stationary.
You cannot be teleported.
You are immune to unholy pain and torment.
Your maximum health is greatly increased.
Your equipment is partially melded.
You are agile. (Dex +4, Str/Int -1)
Your mind is acute. (Int +4, Str/Dex -1)
((You are covered in fur. (AC +1)))


Message History

The white imp is almost dead.
You hit the white imp.
You kill the white imp!
The steam dragon barely misses you. The steam dragon claws you.
* * * LOW HITPOINT WARNING * * *
The white imp gestures at you.
The puff of frost hits you but does no damage.
The white imp barely misses you. The quasit bites you.
* * * LOW HITPOINT WARNING * * *
You feel clumsy. The quasit claws you.
* * * LOW HITPOINT WARNING * * *
You block the quasit's attack.
You hit the ufetubus.
The ufetubus is lightly wounded.
You block the ufetubus's attack. x2
You barely miss the ufetubus.
The quasit bites you but does no damage.
The quasit claws you but does no damage.
You block the quasit's attack.
The white imp hits you but does no damage.
The jelly jiggles.
The steam dragon bites you but does no damage.
The steam dragon claws you but does no damage.
The white imp hits you but does no damage.
The ufetubus barely misses you.
The ufetubus hits you but does no damage.
You closely miss the ufetubus.
The quasit bites you but does no damage.
You block the quasit's attack.
The quasit claws you but does no damage.
You hit the ufetubus.
The ufetubus is moderately wounded.
You block the ufetubus's attack.
The ufetubus hits you but does no damage.
The steam dragon bites you but does no damage.
The steam dragon claws you but does no damage.
The white imp gestures at you. The puff of frost hits you.
You die...

...#.##.###...#...#
##5#....##...#...# ..
h5.5..#..........# #..
#.#.#.#.........# #...
#.#.#...........# #....
.5...$......5Kl.# #...#
.>.#.##...##.5l## #...#
...#......##.555##...####
.#....#..##..555♣55......
.#.##.#......KJ#5D5......
... . ........####.......
#. .#.#.....### .......
..#.#.#....## .######
....# .. ... .. ...


You could see a steam dragon, 2 iguanas, a jelly, a quasit, 4 white imps, 4
shadow imps, 3 ufetubi and 2 kobolds.

Vanquished Creatures
  A wyvern (D:6)
  2 black bears
  2 centaurs (D:7)
  3 phantoms (D:5)
  A necrophage (D:4)
  3 howler monkeys (D:7)
  A hound (D:6)
  2 jellies
  2 orc priests
  2 iguanas (D:5)
  3 orc wizards (D:6)
  3 gnolls (D:4)
  6 adders
  A shadow imp (D:7)
  2 white imps (D:7)
  5 ufetubi
  A dart slug (D:1)
  2 worms (D:2)
  14 orcs
  2 ball pythons (D:1)
  8 endoplasms
  6 giant cockroaches
  4 goblins
  5 hobgoblins
  17 jackals
  6 kobolds
  6 quokkas
  5 bats
  4 frilled lizards
  5 rats
124 creatures vanquished.

Vanquished Creatures (others)
  2 orc wizards (D:6)
  An ufetubus (D:7)
  4 demonic plants (D:7)
  16 plants
23 creatures vanquished.

Grand Total: 147 creatures vanquished

Notes
Turn   | Place    | Note
-------+----------+-------------------------------------------
     0 | D:1      | Citaku the Human Fighter began the quest for the Orb.
     0 | D:1      | Reached XP level 1. HP: 18/18 MP: 1/1
    58 | D:1      | Reached XP level 2. HP: 14/24 MP: 2/2
   394 | D:1      | Reached XP level 3. HP: 23/29 MP: 3/3
   784 | D:2      | Found a shimmering altar of Xom.
   895 | D:2      | Reached skill level 5 in Fighting
   895 | D:2      | Reached skill level 5 in Stealth
   895 | D:2      | Reached XP level 4. HP: 40/40 MP: 4/4
   982 | D:2      | Found a faded altar of an unknown god.
  1009 | D:2      | Prayed at the altar of an unknown god.
  1009 | D:2      | Became a worshipper of Ashenzari the Shackled
  1156 | D:2      | Reached XP level 5. HP: 39/46 MP: 5/5
  2557 | D:4      | Found an ancient bone altar of Kikubaaqudgha.
  2592 | D:4      | Found a transporter.
  2597 | D:4      | Noticed a yak
  2617 | D:4      | Noticed Azuvok's ghost (novice MiFi)
  2620 | D:4      | Found a transporter.
  2799 | D:4      | Reached skill level 5 in Shields
  2808 | D:4      | Reached XP level 6. HP: 43/52 MP: 6/6
  2881 | D:4      | Found a shimmering altar of Xom.
  2885 | D:4      | Found an ornate altar of the Wu Jian Council.
  3007 | D:4      | Found a broken altar of Ashenzari.
  3229 | D:4      | Found a sparkling altar of Nemelex Xobeh.
  3866 | D:5      | Entered Level 5 of the Dungeon
  4169 | D:5      | Noticed a black bear
  4174 | D:5      | Killed a black bear
  4175 | D:5      | Reached skill level 5 in Armour
  4175 | D:5      | Reached XP level 7. HP: 58/58 MP: 7/7
  4652 | D:5      | Reached skill level 5 in Short Blades
  4692 | D:5      | Noticed a wyvern
  5187 | D:6      | Found a hide-covered altar of Uskayaw.
  5189 | D:6      | Found a radiant altar of Vehumet.
  5210 | D:6      | Reached XP level 8. HP: 64/64 MP: 8/8
  5679 | D:6      | Found a glowing drain.
  6231 | D:6      | Gained mutation: Your mind is acute. (Int +4, Str/Dex -1)
                  | [potion of mutation]
  6231 | D:6      | Gained mutation: You are agile. (Dex +4, Str/Int -1)
                  | [potion of mutation]
  6231 | D:6      | Gained mutation: You are covered in fur. (AC +1) [potion of
                  | mutation]
  6329 | D:7      | Found a staircase to the Ecumenical Temple.
  6332 | D:7      | Noticed a wyvern
  6391 | D:6      | Killed a wyvern
  6617 | D:7      | Reached XP level 9. HP: 46/71 MP: 9/9
  6645 | D:7      | HP: 5/106 [steam dragon (4)]
  6649 | D:7      | Killed from afar by a white imp

Illustrated notes

Levels and vault maps discovered:
D:1:      spicycebolla_arrival_clurvy, layout_rooms, chequers_jeans,
          minmay_distorted
D:2:      layout_basic, shapermc_ecumenical_altar_hornbeckon, basic_altar
D:3:      layout_rooms, minmay_diced_spiral
D:4:      layout_loops_corners, ashenzari_conservatory_becter, minitemple,
          nemelex_dance_club_becter, nicolae_kikubaaqudgha_miasma_corner,
          gammafunk_ghost_arena, hangedman_feature_mirror,
          mrwooster_statue_mirror
D:5:      layout_loops_ring, kennysheep_path_1, patterned_corridor
D:6:      layout_rooms, mainiacjoe_overflow_catwalk_spiral,
          portal_sewer_entry_d, minmay_a_box_with_orc_wizards_in_it
D:7:      layout_layer_cave, minmay_temple_entry_ruins, serial_demonic,
          serial_demonic_a, serial_demonic_b, serial_demonic_g,
          serial_demonic_d, serial_demonic_c, serial_demonic_e,
          serial_demonic_f, serial_demonic_g, serial_demonic_d,
          serial_demonic_g, uniq_crazy_yiuf_cottage

Skill      XL: |  1  2  3  4  5  6  7  8 |
---------------+-------------------------+-----
Fighting       | 5 6 |  6.6
Short Blades   | 4 5 6 |  6.1
Armour         | 4 5 6 |  6.2
Dodging        | 4 |  4.9
Stealth        | 5 |  5.2
Shields        | 4 5 6 |  6.0

Action                   |  1- 3 |  4- 6 |  7- 9 || total
-------------------------+-------+-------+-------++-------
Melee: Rapier            |   112 |   217 |   214 ||   543
       Dagger            |       |       |   171 ||   171
  Use: Scroll            |     4 |     8 |    11 ||    23
       Potion            |     2 |     8 |     8 ||    18
 Stab: Distracted        |       |       |     1 ||     1
Armor: Scale mail        |   115 |    25 |       ||   140
       Plate armour      |       |   110 |   272 ||   382
       Skin              |       |       |    20 ||    20
Dodge: Dodged            |   107 |    95 |   315 ||   517
Block: Buckler           |    48 |    67 |   182 ||   297

Table legend: (Time is in decaauts)
 A = Elapsed time spent in this place.
 B = Non-inter-level travel time spent in this place.
 C = Inter-level travel time spent in this place.
 D = Time resting spent in this place.
 E = Time spent auto-exploring this place.
 F = Levels seen in this place.
 G = Mean time per level.
                   A        B        C        D        E       F      G
               +--------+--------+--------+--------+--------+-----+--------+
         Total |   6545 |   6545 |      0 |   1158 |   1131 |   7 |  935.0 |
       Dungeon |   6545 |   6545 |      0 |   1158 |   1131 |   7 |  935.0 |
               +--------+--------+--------+--------+--------+-----+--------+

Top non-repeatable levels by time:
     D:4: 1530 daAuts
     D:6: 1293 daAuts
     D:5: 1243 daAuts
     D:2: 886 daAuts
     D:1: 793 daAuts
     D:3: 688 daAuts
     D:7: 109 daAuts
